 Dungeon Crawl Stone Soup version 0.17-a0-1713-gdf939a4 (webtiles) character file.

56 Leibowitz the Poker (level 3, -3/28 HPs)
             Began as a Merfolk Gladiator on Aug 23, 2015.
             Slain by a black bear (7 damage)
             ... on level 2 of the Dungeon.
             The game lasted 00:05:00 (1767 turns).

Leibowitz the Poker (Merfolk Gladiator)             Turns: 1767, Time: 00:05:01

Health: -3/28      AC:  4    Str: 15    XL:     3   Next: 97%
Magic:  3/3        EV: 14    Int:  7    God:
Gold:   134        SH:  0    Dex: 15    Spells: 0 memorised, 2 levels left

rFire  . . .     SeeInvis .     q - +0 spear (vamp)
rCold  . . .     Clarity  +     b - +0 leather armour
rNeg   . . .     SustAt   .     (no shield)
rPois  .         Gourm    .     c - +0 helmet
rElec  .         Spirit   .     (no cloak)
rCorr  .         Warding  .     (no gloves)
rMut   .         Stasis   .     (no boots)
MR     .....                    g - amulet of clarity
Stlth  +.........               (no ring)
                                (no ring)

@: not resistant to hostile enchantments, very unstealthy
A: change form in water, swift swim
a: no special abilities


You were on level 2 of the Dungeon.
You were not hungry.

You visited 1 branch of the dungeon, and saw 2 of its levels.

You collected 134 gold pieces.

Inventory:

Hand weapons
 a - a +0 trident
 p - a +1 dagger of venom
 q - a +0 vampiric spear (weapon)
Missiles
 d - 3 throwing nets (quivered)
 j - 24 poisoned needles
 t - 6 needles of sleeping
Armour
 b - a +0 leather armour (worn)
 c - a +0 helmet (worn)
Jewellery
 g - an amulet of clarity (around neck)
Magical devices
 n - a wand of flame (24)
Scrolls
 f - a scroll of enchant weapon {unknown}
 h - 2 scrolls of identify {unknown}
 k - 4 scrolls of teleportation {unknown}
 l - 4 scrolls of magic mapping {unknown}
 o - a scroll of remove curse {unknown}
Potions
 m - a potion of heal wounds
 s - a potion of lignification {unknown}
Comestibles
 e - a bread ration
 i - a beef jerky
 r - 4 chunks of flesh


   Skills:
 * Level 2.3 Fighting
 * Level 5.5 Polearms
 - Level 2.0 Throwing
 + Level 0.8 Armour
 * Level 4.9 Dodging


You had 2 spell levels left.
You didn't know any spells.

Dungeon Overview and Level Annotations

Branches:
Dungeon (2/15)

Altars:
Ashenzari
Cheibriados
Elyvilon
Kikubaaqudgha


Message History

The black bear is almost dead.
The black bear bites you. The black bear barely misses you.
The black bear claws you.
You closely miss the black bear.
The black bear is almost dead.
You barely miss the black bear.
The black bear is almost dead.
The black bear goes berserk!
You hit the black bear.
You feel better.
The black bear is almost dead.
The black bear misses you. The black bear claws you.
* * * LOW HITPOINT WARNING * * *
The black bear claws you but does no damage.
You hit the black bear.
You feel better.
The black bear is almost dead.
The black bear closely misses you. The black bear misses you.
The black bear claws you!
* * * LOW HITPOINT WARNING * * *
The black bear misses you. The black bear claws you!
You die...

##.# ##.#
...########
#..††.....#
#.#######.########
#................#
♣#♣(#####.######.#
...[♣# #.# #.#
.....# #.# #@#
♣.♣..♣ #.# #h#
.....####.# #.#
♣.♣÷)♣.##.# #.#
.....#....# #.#
....♣[.#### #.#
♣#♣.#(## #.# #...#
#># ###.###


You could see a black bear (berserk).

Vanquished Creatures
  An ooze (D:1)
  4 giant geckos (D:2)
  4 giant cockroaches
  6 goblins
  4 hobgoblins (D:2)
  5 jackals
  4 bats
  2 giant newts (D:2)
  9 kobolds
  9 rats
48 creatures vanquished.

Notes
Turn   | Place    | Note
--------------------------------------------------------------
     0 | D:1      | Leibowitz the Merfolk Gladiator began the quest for the Orb.
     0 | D:1      | Reached XP level 1. HP: 16/16 MP: 1/1
   150 | D:1      | Reached XP level 2. HP: 15/22 MP: 2/2
   384 | D:1      | Reached skill level 5 in Polearms
   755 | D:2      | Reached XP level 3. HP: 26/28 MP: 3/3
  1370 | D:2      | Found a white marble altar of Elyvilon.
  1371 | D:2      | Found a snail-covered altar of Cheibriados.
  1372 | D:2      | Found an ancient bone altar of Kikubaaqudgha.
  1377 | D:2      | Found a shattered altar of Ashenzari.
  1748 | D:2      | Noticed a black bear
  1767 | D:2      | Slain by a black bear

Vault maps used:
D:1:      onia_arrival_handbag
D:2:      minitemple, serial_forest, infiniplex_forest_clump_small,
          infiniplex_forest_end_1, infiniplex_forest_lined_ring,
          infiniplex_forest_straight_3, infiniplex_forest_clump_small,
          infiniplex_forest_zigzag_2

Action                   || total
-------------------------++-------
Melee: Trident           ||   104
       Spear             ||    49
  Use: Potion            ||     1
 Stab: Sleeping          ||     2
  Eat: Chunk             ||     3
       Bread ration      ||     1
